Match 47137768
Unlisted

Match 47137768
End
250 Light Carrier
Panzergrenadier Squad
Construct Light Support Kompanie
Panzerjäger Squad
2.5-tonne Medical Truck
Assault Grenadier Squad
Construct Mechanized Kompanie
254 Reconnaissance Tractor
Marder III Tank Destroyer
Panzergrenadier Squad
Fire Support Elements
Selects Panzerjäger Kommand Battlegroup
Selects Tank Busters
Selects Crew Shock Tactics
Pak 38 Anti-tank Gun Team
Construct Panzerarmee Kommand
Veteran Squad Leaders
Crew Shock Tactics
Walking Stuka Rocket Launcher
Pak 38 Anti-tank Gun Team
Crew Shock Tactics
18-tonne Recovery Half-track
Selects Elefant Tank Destroyer
Selects Elefant Tank Destroyer
Elefant Tank Destroyer
Rapid Advance
Advanced Optics
Assault Grenadier Squad
Selects Mine Fields
Selects Defensive Positions
Emergency Repair Kits
Selects Butterfly Bomb Drop
Butterfly Bomb Drop
Crew Shock Tactics
Butterfly Bomb Drop
Walking Stuka Rocket Launcher
Butterfly Bomb Drop
Butterfly Bomb Drop
Gorditofelizz
luchomaffia[ARG]
KızdırılmışTütünÇubuğu
Mansonfreakss
pizza2power
JVM
Hi
MAGAt Stomper
0
0

Comments sign in to comment!

No comments posted yet!